 Dungeon Crawl Stone Soup version 0.29-a0-1016-g236c7fd91e (webtiles) character file.

Game seed: 9709858500544933001

4056 jamoverh the Fighter (level 10, -7/84 HPs)
             Began as a Minotaur Fighter on Aug 9, 2022.
             Was an Elder of Lugonu.
             Mangled by a two-headed ogre
             ... wielding a +0 giant spiked club
              (8 damage)
             ... on level 10 of the Dungeon.
             The game lasted 00:52:03 (9681 turns).

jamoverh the Fighter (Minotaur Fighter)             Turns: 9681, Time: 00:52:04

Health: -7/84      AC: 15    Str: 26    XL:     10   Next: 4%
Magic:  8/8        EV: 10    Int:  5    God:    Lugonu [****..]
Gold:   367        SH:  6    Dex:  9    Spells: 9/9 levels left

rFire   . . .      SeeInvis .   q - +2 short sword (venom)
rCold   . . .      Faith    .   c - +0 buckler
rNeg    . . .      Spirit   .   h - +5 chain mail {rPois}
rPois   +          Reflect  .   (helmet restricted)
rElec   .          Harm     .   (no cloak)
rCorr   .          Rampage  .   (no gloves)
Will    .....                   (no boots)
Stlth   ..........              l - amulet of regeneration
HPRegen 1.04/turn               u - ring of flight
MPRegen 0.11/turn               j - ring of poison resistance

@: about to teleport, flying, studying Shields
A: horns 2, retaliatory headbutt, frail 1, low MP 1
a: Renounce Religion, Depart the Abyss, Bend Space, Banish, Corrupt


You were on level 10 of the Dungeon.
You worshipped Lugonu.
Lugonu was greatly pleased with you.
You visited 1 branch of the dungeon, and saw 10 of its levels.

You collected 367 gold pieces.

Inventory:

Hand Weapons
 k - a +3 flail
 q - a +2 short sword of venom (weapon)
Missiles
 b - 66 stones (quivered)
 e - 14 poisoned darts
 s - 3 curare-tipped darts
 t - 2 javelins
Armour
 c - a +0 buckler (worn)
 h - a +5 chain mail of poison resistance (worn)
Jewellery
 g - a ring of fire
 j - a ring of poison resistance (right hand)
 l - an amulet of regeneration (around neck)
 u - a ring of flight (left hand)
Scrolls
 a - a scroll of fog
 f - 4 scrolls of identify
 n - 2 scrolls of blinking
 o - a scroll of poison
Potions
 d - 2 potions of magic
 i - a potion of flight


   Skills:
 * Level 10.3 Fighting
 * Level 6.5(7.2) Short Blades
 - Level 5.1(6.9) Long Blades
 + Level 7.8 Armour
 + Level 5.8 Dodging
 + Level 10.0 Shields


You had 9 spell levels left.
You didn't know any spells.
Your spell library contained the following spells:

 Spells                   Type           Power      Damage    Failure   Level
 Shock                    Conj/Air       0%         1d3       98%         1
 Sublimation of Blood     Necr           0%         N/A       99%         2
 Dazzling Flash           Conj/Hex       0%         N/A       100%        3
 Frozen Ramparts          Ice            0%         1d1       100%        3
 Ozocubu's Armour         Ice            0%         N/A       100%        3
 Swiftness                Air            0%         N/A       100%        3
 Airstrike                Air            0%         2d(0-16)  100%        4
 Ice Form                 Ice/Tmut       0%         N/A       100%        4
 Iskenderun's Mystic Bla  Conj/Tloc      0%         2d3       100%        4
 Petrify                  Tmut/Erth      0%         N/A       100%        4
 Summon Ice Beast         Ice/Summ       0%         N/A       100%        4
 Irradiate                Conj/Tmut      0%         3d11      100%        5
 Metabolic Englaciation   Hex/Ice        0%         N/A       100%        5
 Simulacrum               Ice/Necr       0%         N/A       100%        6
 Starburst                Conj/Fire      0%         6d3       100%        6


Dungeon Overview and Level Annotations

Branches:
Dungeon (10/15)            Temple (0/1) D:4
   Lair: D:8-11         Orc: D:9-12

Altars:
Ashenzari
Dithmenos
Elyvilon
Fedhas
Hepliaklqana
Kikubaaqudgha
Makhleb
Qazlal
Ru
Sif Muna
Vehumet
Wu Jian
Xom
Yredelemnul
The Shining One
Lugonu

Shops:
D:2 *


Innate Abilities, Weirdness & Mutations

You have a pair of horns on your head.
You reflexively headbutt those who attack you in melee.
You are frail. (-10% HP)
Your magical capacity is low. (-10% MP)


Message History

Found a stone staircase leading up.
The orc hits you but does no damage.
A killer bee comes into view.
Found an escape hatch in the ceiling.
The orc barely misses you. You block the two-headed ogre's attack.
The two-headed ogre barely misses you.
There is an escape hatch in the floor here.
The two-headed ogre hits you with a +0 giant spiked club!
* * * LOW HITPOINT WARNING * * *
The two-headed ogre barely misses you. The orc hits you with a +0 club.
* * * LOW HITPOINT WARNING * * *
The killer bee stings you but does no damage.
You fly downwards.
The hatch slams shut behind you.
The two-headed ogre hits you with a +0 giant spiked club!
* * * LOW HITPOINT WARNING * * *
The two-headed ogre hits you with a +0 giant club!
* * * LOW HITPOINT WARNING * * *
The orc attacks as you move away! You block the orc's attack.
The orc attacks as you move away! The orc hits you with a +0 club.
* * * LOW HITPOINT WARNING * * *
Found a battleaxe.
Found 21 gold pieces.
Blink to where?
Press: ? - help, Dir - move target
Okay, then.
Unknown command.
Found a scroll of teleportation.
Found a quarterstaff.
A two-headed ogre is nearby!
You see here a scroll of teleportation.
m - a scroll of teleportation The two-headed ogre hits you with a +0 giant spiked club!
* * * LOW HITPOINT WARNING * * *
The two-headed ogre hits you with a +0 giant club!
* * * LOW HITPOINT WARNING * * *
As you read the scroll of teleportation, it crumbles to dust.
You feel strangely unstable. The orc hits you but does no damage.
The two-headed ogre hits you with a +0 giant spiked club.
* * * LOW HITPOINT WARNING * * *
The two-headed ogre hits you with a +0 giant club!
You die...

.. ..... #### ......
#.. #......#####.#
#............#
#............#######
...................
............@######
)..##......Oo#
.............#
.............#
###.$.....####
.....####.#
..........#######
.....#..........##
.. #............


You could see a two-headed ogre and an orc.

Vanquished Creatures
  A two-headed ogre (D:8)
  Pikel (D:7)
  Prince Ribbit (D:7)
  An orc warrior (D:8)
  2 sky beasts (D:6)
  3 black bears
  An ogre (D:4)
  3 lemures (D:7)
  A centaur (D:7)
  A kobold brigand (D:6)
  4 bullfrogs
  A gnoll sergeant (D:8)
  4 scorpions
  4 wights (D:8)
  12 killer bees (D:8)
  4 howler monkeys (D:7)
  A hound (D:7)
  2 orc priests
  7 iguanas
  3 orc wizards
  9 gnolls
  6 adders
  A shadow imp (D:8)
  An ufetubus (D:7)
  3 worms
  2 dart slugs
  25 orcs
  11 endoplasms
  3 giant cockroaches
  6 goblins
  3 hobgoblins
  9 jackals (D:2)
  3 quokkas
  9 ball pythons
  5 bats
  3 frilled lizards
  11 kobolds
  3 rats
170 creatures vanquished.

Vanquished Creatures (others)
  A plant (D:1)
1 creature vanquished.

Grand Total: 171 creatures vanquished

Notes
Turn   | Place    | Note
-------+----------+-------------------------------------------
     0 | D:1      | jamoverh the Minotaur Fighter began the quest for the Orb.
     0 | D:1      | Reached XP level 1. HP: 19/19 MP: 0/0
   447 | D:1      | Reached XP level 2. HP: 27/27 MP: 1/1
   911 | D:1      | Found a faded altar of an unknown god.
   918 | D:1      | Prayed at the altar of an unknown god.
   918 | D:1      | Became a worshipper of Lugonu the Unformed
   918 | D:1      | Reached * piety under Lugonu
   918 | D:1      | Reached ** piety under Lugonu
  1169 | D:2      | Reached XP level 3. HP: 32/34 MP: 2/2
  1276 | D:2      | Found Seomopt's General Store.
  1529 | D:2      | Identified a scroll of acquirement
  1529 | D:2      | Acquired a manual of Shields
  2345 | D:3      | Reached XP level 4. HP: 41/41 MP: 3/3
  2426 | D:3      | Found a white marble altar of Elyvilon.
  2445 | D:3      | Reached *** piety under Lugonu
  2871 | D:3      | Reached skill level 5 in Fighting
  2958 | D:3      | Reached XP level 5. HP: 48/48 MP: 4/4
  3041 | D:3      | Reached skill level 1 in Dodging
  3377 | D:4      | Gained mutation: You are frail. (-10% HP) [potion of
                  | mutation]
  3377 | D:4      | Gained mutation: Your magical capacity is low. (-10% MP)
                  | [potion of mutation]
  3734 | D:4      | Noticed an ogre
  3750 | D:4      | Killed an ogre
  3751 | D:4      | Reached skill level 5 in Shields
  3751 | D:4      | Reached XP level 6. HP: 50/50 MP: 4/4
  4120 | D:4      | Reached skill level 5 in Armour
  4373 | D:4      | Found a staircase to the Ecumenical Temple.
  4706 | D:5      | Entered Level 5 of the Dungeon
  4717 | D:5      | Found a burning altar of Makhleb.
  4906 | D:5      | Reached XP level 7. HP: 57/57 MP: 5/5
  4935 | D:5      | Found an ancient bone altar of Kikubaaqudgha.
  5794 | D:5      | Found a blossoming altar of Fedhas.
  6316 | D:6      | Found a hazy altar of Hepliaklqana.
  6358 | D:6      | Found a glowing golden altar of the Shining One.
  6358 | D:6      | Found a shimmering altar of Xom.
  6364 | D:6      | Found a radiant altar of Vehumet.
  6370 | D:6      | Found a broken altar of Ashenzari.
  6371 | D:6      | Found a basalt altar of Yredelemnul.
  6373 | D:6      | Found an ornate altar of the Wu Jian Council.
  6381 | D:6      | Found a shadowy altar of Dithmenos.
  6382 | D:6      | Found a stormy altar of Qazlal.
  6467 | D:6      | Reached **** piety under Lugonu
  6474 | D:6      | Reached skill level 5 in Long Blades
  6510 | D:6      | Found a sacrificial altar of Ru.
  6611 | D:6      | Reached XP level 8. HP: 65/65 MP: 6/6
  6644 | D:6      | Reached skill level 1 in Short Blades
  7048 | D:6      | Found a shimmering blue altar of Sif Muna.
  7186 | D:7      | Noticed Pikel
  7214 | D:7      | Killed Pikel
  7215 | D:7      | Reached XP level 9. HP: 71/74 MP: 7/7
  7755 | D:7      | Noticed Prince Ribbit
  7776 | D:7      | Killed Prince Ribbit
  7837 | D:7      | Reached skill level 5 in Dodging
  8355 | D:8      | Reached skill level 5 in Short Blades
  8592 | D:8      | Noticed a two-headed ogre
  8608 | D:8      | Killed a two-headed ogre
  8609 | D:8      | Reached skill level 10 in Fighting
  9601 | D:8      | Reached XP level 10. HP: 79/80 MP: 8/8
  9609 | D:8      | Reached skill level 10 in Shields
  9653 | D:9      | Noticed a two-headed ogre
  9659 | D:10     | Entered Level 10 of the Dungeon
  9680 | D:10     | HP: 4/84 [two-headed ogre/+0 giant spiked club (7)]
  9681 | D:10     | HP: 1/84 [two-headed ogre/+0 giant spiked club (4)]
  9681 | D:10     | Mangled by a two-headed ogre

Illustrated notes

Levels and vault maps discovered:
D:1:      scummos_arrival_simple_crosswalls, layout_loops_ring,
          chequers_ecumenical_altar_lobes
D:2:      layout_basic, serial_shops, nicolae_shop_trees,
          minmay_misc_feat_tower, nicolae_kite_square_tiling_tiny
D:3:      layout_loops_ring, old_standard_altar
D:4:      layout_basic, minmay_temple_entry_grid,
          hangedman_abyss_or_decor_lesser_grid
D:5:      layout_basic, kennysheep_mini_moat, mainiacjoe_overflow_chevrons,
          lemuel_doored_altar, serial_corexii_hall, corexii_hall_statues_s,
          corexii_hall_statues_l
D:6:      layout_gridville, nicolae_overflow_hallway_of_the_gods,
          overflow_temple_1_default, led_sif_pool, kennysheep_generic_room_7
D:7:      layout_rooms, serial_co_window_serial, co_window_paths_a,
          co_window_corner_a, co_window_corner_a, co_window_paths_a,
          co_window_corner_a, co_window_corner_a, co_window_paths_a,
          co_window_of_opportunity_b, co_window_paths_c, co_window_corner_b,
          co_window_cross_4, co_window_2corner, co_window_of_opportunity_b,
          co_window_of_opportunity_c, co_window_4corner_a, glass_columns_b,
          st_stairs_4, uniq_pikel, uniq_prince_ribbit1
D:8:      layout_loops_ring
D:9:      layout_loops_ring, minivault_19, uniq_erica
D:10:     layout_basic

Skill      XL: |  1  2  3  4  5  6  7  8  9 10 |
---------------+-------------------------------+-----
Armour         | 4 5 6 7 |  7.8
Fighting       | 4 5 6 7 9 10 | 10.3
Shields        | 4 5 7 8 9 10 | 10.0
Long Blades    | 3 4 5 |  5.1
Dodging        | 1 2 3 4 5 |  5.8
Short Blades   | 4 6 |  6.5

Action                   |  1- 3 |  4- 6 |  7- 9 | 10-12 || total
-------------------------+-------+-------+-------+-------++-------
Melee: Long sword        |   122 |   141 |    86 |       ||   349
       Headbutt          |    24 |    23 |    64 |       ||   111
       Short sword       |       |       |   226 |    21 ||   247
Throw: Stone             |     1 |       |     1 |     2 ||     4
       Dart              |       |    20 |     7 |       ||    27
       Javelin           |       |       |     5 |     2 ||     7
Invok: Bend Space        |     1 |       |     3 |       ||     4
Evoke: Wand              |       |       |    28 |       ||    28
  Use: Scroll            |     8 |     6 |     4 |     1 ||    19
       Potion            |     5 |     8 |     7 |       ||    20
Armor: Chain mail        |    69 |    80 |   179 |    23 ||   351
Dodge: Dodged            |    49 |    54 |   149 |    13 ||   265
Block: Buckler           |    32 |    43 |    67 |    13 ||   155

Table legend: (Time is in decaauts)
 A = Elapsed time spent in this place.
 B = Non-inter-level travel time spent in this place.
 C = Inter-level travel time spent in this place.
 D = Time resting spent in this place.
 E = Time spent auto-exploring this place.
 F = Levels seen in this place.
 G = Mean time per level.
                   A        B        C        D        E       F      G
               +--------+--------+--------+--------+--------+-----+--------+
         Total |   9763 |   7433 |   2330 |   2151 |   3817 |  10 |  976.3 |
       Dungeon |   9763 |   7433 |   2330 |   2151 |   3817 |  10 |  976.3 |
               +--------+--------+--------+--------+--------+-----+--------+

Top non-repeatable levels by time:
     D:7: 1775 daAuts
     D:5: 1592 daAuts
     D:4: 1368 daAuts
     D:2: 1219 daAuts
     D:1: 1166 daAuts
     D:3: 1043 daAuts
     D:6: 811 daAuts
     D:8: 758 daAuts
    D:10: 21 daAuts
     D:9: 5 daAuts
